[Event "January 9 Early 2024"]
[Site "https://www.chess.com"]
[Date "2024.01.11"]
[Round "6"]
[White "Chernomordik, Pavel"]
[Black "Leiva, Gianmarco"]
[Result "0-1"]
[Board "153"]
[TimeControl "180+1"]
[WhiteFideId "2804530"]
[BlackFideId "3804399"]
[WhiteElo "2451"]
[BlackElo "2696"]
[WhiteTeam "ISR"]
[BlackTeam "PER"]
[WhiteClock "0:00:06"]
[BlackClock "0:00:11"]

1. e4 c6 2. Nc3 d5 3. Nf3 dxe4 4. Nxe4 Nf6 5. Qe2 Nxe4 6. Qxe4 Be6 7. b3 Nd7 8. Bb2 Nf6 9. Qf4 Nd5 10. Qe5 Qc7 11. Qd4 Rg8 12. O-O-O g6 13. Qh4 Bg7 14. Qxh7 Bxb2+ 15. Kxb2 O-O-O 16. Qh4 g5 17. Qg3 Nf4 18. d4 f6 19. Ne1 a5 20. Qc3 Qb6 21. g3 Nd5 22. Qd2 a4 23. c4 Nc7 24. c5 Qa7 25. Nc2 Bd5 26. Rg1 e5 27. Ne3 exd4 28. Qxd4 Bf3 29. Qxf6 Bxd1 30. Nxd1 Qxc5 31. Bc4 Rd2+ 32. Kc1 Rgd8 33. Nb2 b5 34. Nd3 R2xd3 0-1

[Event "January 9 Early 2024"]
[Site "https://www.chess.com"]
[Date "2024.01.11"]
[Round "6"]
[White "Arabidze, Meri"]
[Black "Radjabov, Teimour"]
[Result "0-1"]
[Board "154"]
[TimeControl "180+1"]
[WhiteFideId "13604040"]
[BlackFideId "13400924"]
[WhiteElo "2717"]
[BlackElo "3021"]
[WhiteTeam "GEO"]
[BlackTeam "AZE"]
[WhiteClock "0:00:01"]
[BlackClock "0:00:07"]

1. Nf3 Nf6 2. g3 g6 3. Bg2 Bg7 4. O-O O-O 5. d4 d5 6. b3 c6 7. Bb2 a5 8. a3 Bf5 9. c4 Nbd7 10. Nc3 Ne4 11. cxd5 Nxc3 12. Bxc3 cxd5 13. Ne5 e6 14. a4 Rc8 15. Qd2 Nxe5 16. dxe5 Qb6 17. Ra3 Qa6 18. Rc1 Rc6 19. e3 Rfc8 20. Bf1 Qa7 21. Bb5 R6c7 22. Raa1 h5 23. Bd4 Qb8 24. Rxc7 Qxc7 25. Bb2 Qc2 26. Qxc2 Rxc2 27. Bd4 Bf8 28. h4 Bb4 29. Rd1 Bg4 30. Ra1 Bf3 31. Rb1 Be4 32. Ra1 Kg7 33. Rd1 Bf3 0-1

[Event "January 9 Early 2024"]
[Site "https://www.chess.com"]
[Date "2024.01.11"]
[Round "6"]
[White "Szpar, Milosz"]
[Black "Vlassov, Nikolai"]
[Result "0-1"]
[Board "155"]
[TimeControl "180+1"]
[WhiteFideId "1184989"]
[BlackFideId "4103360"]
[WhiteElo "2833"]
[BlackElo "2659"]
[WhiteTeam "POL"]
[BlackTeam "FID"]
[WhiteClock "0:00:01"]
[BlackClock "0:00:09"]

1. e4 Nc6 2. Nf3 d5 3. exd5 Qxd5 4. Nc3 Qa5 5. Bb5 Bd7 6. d4 a6 7. Bxc6 Bxc6 8. Ne5 e6 9. O-O Bd6 10. Re1 Ne7 11. Qg4 O-O 12. Bd2 Bxe5 13. Rxe5 Qb6 14. d5 Ng6 15. Rh5 Qxb2 16. Re1 Qxc2 17. Qd4 Bxd5 18. Rc1 Qb2 19. Rb1 Qa3 20. Nxd5 exd5 21. Bc3 f6 22. Qxd5+ Kh8 23. Qf5 Kg8 24. Qd5+ Rf7 25. Bb4 Qa4 26. Qxb7 Rd8 27. Qf3 Ne5 28. Qe2 Qb5 29. Qc2 Qd3 30. Qc1 Ng4 31. Rh3 Qd4 32. Rf3 Rfd7 33. Qe1 Ne5 34. Re3 Nd3 35. Qd2 Ne5 0-1

[Event "January 9 Early 2024"]
[Site "https://www.chess.com"]
[Date "2024.01.11"]
[Round "6"]
[White "Piesik, Piotr"]
[Black "Sahin, Sarp"]
[Result "1-0"]
[Board "156"]
[TimeControl "180+1"]
[WhiteFideId "1136194"]
[BlackFideId "51605066"]
[WhiteElo "2664"]
[BlackElo "2436"]
[WhiteTeam "CZE"]
[BlackTeam "TUR"]
[WhiteClock "0:00:51"]
[BlackClock "0:00:06"]

1. Nf3 Nf6 2. g3 d5 3. Bg2 Bf5 4. O-O e6 5. c4 h6 6. cxd5 exd5 7. d3 c6 8. Qb3 Qb6 9. Qc2 Be7 10. Nc3 O-O 11. e4 dxe4 12. dxe4 Bh7 13. Be3 Qc7 14. h3 Nbd7 15. Nd4 Rfe8 16. f4 Nc5 17. b4 Ne6 18. Nxe6 fxe6 19. Qb3 Kh8 20. a3 Rad8 21. Rad1 a6 22. Bf2 Bg8 23. e5 Nd5 24. Ne4 a5 25. Bc5 axb4 26. axb4 Bh7 27. Nd6 Rf8 28. Ne4 b6 29. Bxe7 Qxe7 30. Nd6 c5 31. bxc5 bxc5 32. Bxd5 exd5 33. Qxd5 Bg8 34. Qxc5 Qe6 35. Kh2 Qa2+ 36. Rf2 Qb3 37. Rc1 Qd3 38. Qc2 Qe3 39. Re2 Qa3 40. Qc3 Qa6 41. Rd2 Qb6 42. Qc5 Qb3 43. Qd4 Qf3 44. Rc3 Qf1 45. Qd3 Qa1 46. Rc7 Qa5 47. Rdc2 Bh7 48. Qc3 Qd5 49. Rd2 Qe6 50. Nf7+ Rxf7 51. Rxd8+ Bg8 52. Rxf7 Qxf7 53. Qc2 Qe6 54. f5 Qxe5 55. Qa2 1-0

[Event "January 9 Early 2024"]
[Site "https://www.chess.com"]
[Date "2024.01.11"]
[Round "6"]
[White "Horak, Martin"]
[Black "Plyasunov, Daniil"]
[Result "0-1"]
[Board "157"]
[TimeControl "180+1"]
[WhiteFideId "367095"]
[BlackFideId "44133839"]
[WhiteElo "2523"]
[BlackElo "2743"]
[WhiteTeam "CZE"]
[BlackTeam "RUS"]
[WhiteClock "0:00:04"]
[BlackClock "0:00:32"]

1. e4 c6 2. Nf3 d5 3. Nc3 dxe4 4. Nxe4 Nf6 5. Qe2 Nxe4 6. Qxe4 Qd5 7. Qf4 Qf5 8. Qxf5 Bxf5 9. b3 Nd7 10. Bb2 f6 11. O-O-O Bg6 12. Nd4 e5 13. Re1 O-O-O 14. Ne6 Re8 15. Nxf8 Rhxf8 16. g3 Nb6 17. Bh3+ Kc7 18. Rhf1 Nd5 19. f3 Nb4 20. Ba3 a5 21. Bxb4 axb4 22. Kb2 Rd8 23. d3 Ra8 24. f4 exf4 25. Re7+ Kd6 26. Rd7+ Kc5 27. Rxf4 Ra7 28. Rxg7 Rfa8 29. a4 bxa3+ 30. Ka2 Re8 31. Bf1 f5 32. h4 Kd6 33. h5 Bxh5 34. Rxh7 Bg4 35. Rh6+ Kc5 36. Rc4+ Kb5 37. d4 Kb6 38. Rh7 Re1 39. Rb4+ Ka5 40. Ra4+ Kb6 41. Rb4+ Ka5 42. Bd3 Kxb4 0-1

[Event "January 9 Early 2024"]
[Site "https://www.chess.com"]
[Date "2024.01.11"]
[Round "6"]
[White "Kashtanov, Ruslan"]
[Black "Syaputra, Arifa Rizki"]
[Result "0-1"]
[Board "158"]
[TimeControl "180+1"]
[WhiteFideId "4124871"]
[BlackFideId "7105100"]
[WhiteElo "2502"]
[BlackElo "2728"]
[WhiteTeam "RUS"]
[BlackTeam "INA"]
[WhiteClock "0:00:03"]
[BlackClock "0:00:21"]

1. e4 c5 2. Nf3 Nc6 3. d4 cxd4 4. Nxd4 g6 5. c4 Bg7 6. Be3 Nf6 7. Nc3 O-O 8. Be2 d6 9. O-O Bd7 10. Qd2 Nxd4 11. Bxd4 Bc6 12. f3 Qa5 13. a3 Nd7 14. b4 Bxd4+ 15. Qxd4 Qb6 16. Rad1 Rfc8 17. b5 Nc5 18. bxc6 bxc6 19. Kh1 Qa5 20. f4 Rab8 21. f5 Rb3 22. Rf3 Qxa3 23. f6 Ne6 24. Qd2 exf6 25. Nb1 Qb2 26. Rxb3 Qxb3 27. Qc3 Qa2 28. Qd2 Qb3 29. Qc3 Qa2 30. Nd2 Rb8 31. Qxf6 Qc2 32. Rf1 Rb7 33. Bg4 Nf8 34. Nf3 Qxc4 35. Ng5 h6 36. Nh3 Qxe4 37. Bc8 Rb2 38. Nf2 Qe2 39. Ng4 Qxg2# 0-1

[Event "January 9 Early 2024"]
[Site "https://www.chess.com"]
[Date "2024.01.11"]
[Round "6"]
[White "Domingo Nunez, Alejandro"]
[Black "Morales Garcia, Sergio Joshafatt"]
[Result "0-1"]
[Board "159"]
[TimeControl "180+1"]
[WhiteFideId "22245561"]
[BlackFideId "5106249"]
[WhiteElo "2681"]
[BlackElo "2468"]
[WhiteTeam "ESP"]
[BlackTeam "MEX"]
[WhiteClock "0:00:02"]
[BlackClock "0:00:03"]

1. Nf3 c5 2. g3 Nc6 3. d4 cxd4 4. Nxd4 g6 5. Bg2 Bg7 6. Nb3 Nf6 7. c4 O-O 8. Nc3 d6 9. O-O Bd7 10. Nd5 Re8 11. Bg5 Nxd5 12. cxd5 Na5 13. Rc1 Bxb2 14. Rb1 Bf6 15. Bxf6 exf6 16. Nxa5 Qxa5 17. Rxb7 Bf5 18. Qd4 Kg7 19. e4 Bc8 20. Rc7 Qxa2 21. Ra1 Qe2 22. Raxa7 Rxa7 23. Qxa7 Qe1+ 24. Bf1 Rf8 25. Qe3 Qxe3 26. fxe3 Re8 27. Rc6 Bg4 28. Kf2 Rxe4 29. Rxd6 Rb4 30. Ra6 Rb2+ 31. Ke1 Rb1+ 32. Kf2 Rb2+ 33. Kg1 Rd2 34. d6 Bf3 0-1

[Event "January 9 Early 2024"]
[Site "https://www.chess.com"]
[Date "2024.01.11"]
[Round "6"]
[White "Szyszylo, Rafal"]
[Black "Tabuenca Mendataurigoitia, Daniel"]
[Result "0-1"]
[Board "160"]
[TimeControl "180+1"]
[WhiteFideId "1109626"]
[BlackFideId "24563617"]
[WhiteElo "2401"]
[BlackElo "2550"]
[WhiteTeam "POL"]
[BlackTeam "ESP"]
[WhiteClock "0:00:07"]
[BlackClock "0:00:08"]

1. e4 Nc6 2. Bb5 e5 3. Nf3 a6 4. Ba4 Nf6 5. Qe2 b5 6. Bb3 Bc5 7. c3 O-O 8. O-O Re8 9. d3 h6 10. Be3 Bxe3 11. fxe3 d5 12. Nbd2 Be6 13. h3 a5 14. Qf2 a4 15. Bc2 dxe4 16. dxe4 b4 17. cxb4 Nxb4 18. Bb1 a3 19. bxa3 Rxa3 20. Nxe5 Qd6 21. Ndc4 Qc5 22. Nxa3 Qxe5 23. Bc2 Qa5 24. Nb1 Qc5 25. Bb3 Nxe4 26. Qe1 Bxb3 27. axb3 Nc2 28. Qa5 Qxe3+ 29. Kh1 Nxa1 30. Qxa1 Ng3+ 31. Kh2 Nxf1+ 32. Kh1 Qe1 33. Qa4 Rd8 34. Na3 Ne3+ 35. Kh2 Qe2 36. Qe4 Nf1+ 37. Kg1 Qxe4 38. Kxf1 Qe3 39. Nc2 Rd1+ 40. Ne1 Qxe1# 0-1

[Event "January 9 Early 2024"]
[Site "https://www.chess.com"]
[Date "2024.01.11"]
[Round "6"]
[White "Hayrapetyan, Hovik"]
[Black "Paravyan, David"]
[Result "1/2-1/2"]
[Board "161"]
[TimeControl "180+1"]
[WhiteFideId "13302639"]
[BlackFideId "4194985"]
[WhiteElo "2810"]
[BlackElo "3006"]
[WhiteTeam "ARM"]
[BlackTeam "FID"]
[WhiteClock "0:00:05"]
[BlackClock "0:00:05"]

1. d4 d5 2. c4 dxc4 3. Nf3 Nf6 4. e3 e6 5. Bxc4 c5 6. O-O Nc6 7. Nc3 a6 8. Qe2 b5 9. Bb3 Bb7 10. Rd1 Qc7 11. e4 cxd4 12. Nd5 exd5 13. exd5+ Qe7 14. Qf1 Ne5 15. Re1 Nfd7 16. Nxe5 Nxe5 17. f4 O-O-O 18. fxe5 Bxd5 19. Bf4 Qe6 20. Bxd5 Rxd5 21. a4 Be7 22. axb5 Rxb5 23. Ra4 Kb7 24. Kh1 Rd8 25. Rea1 d3 26. Bd2 Rxe5 27. Bc3 Re2 28. Rxa6 Qxa6 29. Qf3+ Qc6 30. Ra7+ Kxa7 31. Qxc6 Bf6 32. Qc7+ Ka6 33. Qc6+ Ka7 34. Qc7+ Ka6 35. Qc6+ Ka7 1/2-1/2

[Event "January 9 Early 2024"]
[Site "https://www.chess.com"]
[Date "2024.01.11"]
[Round "6"]
[White "Matta, Nicholas"]
[Black "Weetik, Vjacheslav"]
[Result "1-0"]
[Board "162"]
[TimeControl "180+1"]
[WhiteFideId "30914523"]
[BlackFideId "4153472"]
[WhiteElo "2594"]
[BlackElo "2751"]
[WhiteTeam "USA"]
[BlackTeam "RUS"]
[WhiteClock "0:00:11"]
[BlackClock "0:00:05"]

1. Nf3 Nf6 2. g3 d5 3. Bg2 Bf5 4. O-O e6 5. d3 c6 6. c4 Nbd7 7. Qb3 Qb6 8. Be3 Bc5 9. d4 Be7 10. Nh4 Bg4 11. Nc3 O-O 12. h3 Bh5 13. g4 Bg6 14. Nxg6 hxg6 15. Qxb6 Nxb6 16. c5 Nc4 17. Bf4 b6 18. b3 Na3 19. cxb6 axb6 20. Rac1 Rfc8 21. Na4 Ra6 22. Rfd1 Nd7 23. e4 Raa8 24. exd5 cxd5 25. Bf1 b5 26. Nc3 b4 27. Na4 Nf6 28. f3 Nh7 29. Rxc8+ Rxc8 30. Rc1 Re8 31. Rc7 Bg5 32. Bxg5 Nxg5 33. Kf2 f6 34. Rb7 Rc8 35. Bd3 e5 36. dxe5 fxe5 37. Bxg6 e4 38. fxe4 dxe4 39. Ke3 Rc2 40. Rb8+ 1-0

[Event "January 9 Early 2024"]
[Site "https://www.chess.com"]
[Date "2024.01.11"]
[Round "6"]
[White "Matveeva, Olga"]
[Black "Ljukin, Sergei"]
[Result "1-0"]
[Board "163"]
[TimeControl "180+1"]
[WhiteFideId "24107018"]
[BlackFideId "14102200"]
[WhiteElo "2412"]
[BlackElo "2522"]
[WhiteTeam "RUS"]
[BlackTeam "UKR"]
[WhiteClock "0:00:08"]
[BlackClock "0:00:02"]

1. d4 d5 2. c4 c6 3. Nf3 Nf6 4. Qb3 a5 5. cxd5 Nxd5 6. e4 Nf6 7. Nc3 e6 8. Be2 Bb4 9. Qc2 Nbd7 10. O-O Qe7 11. a3 Bxc3 12. bxc3 e5 13. Bd3 O-O 14. a4 c5 15. dxe5 Nxe5 16. Nxe5 Qxe5 17. f4 Qc7 18. e5 c4 19. exf6 cxd3 20. Qxd3 gxf6 21. f5 Rd8 22. Qf3 Ra6 23. Bf4 Qc5+ 24. Be3 Qf8 25. Rad1 Bd7 26. Bd4 Bc6 27. Qh3 Qg7 28. Rd3 Rxd4 29. cxd4 Kh8 30. Rg3 Qf8 31. Re1 Ra8 32. Qh4 Qd6 33. Rh3 1-0

[Event "January 9 Early 2024"]
[Site "https://www.chess.com"]
[Date "2024.01.11"]
[Round "6"]
[White "Guevara Sanchez, Erick Marvin"]
[Black "Nikologorsky, Matfei"]
[Result "0-1"]
[Board "164"]
[TimeControl "180+1"]
[WhiteFideId "6700136"]
[BlackFideId "24102474"]
[WhiteElo "2211"]
[BlackElo "2470"]
[WhiteTeam "ESA"]
[BlackTeam "FID"]
[WhiteClock "0:00:03"]
[BlackClock "0:00:14"]

1. e4 c5 2. d4 cxd4 3. c3 dxc3 4. Nxc3 Nc6 5. Bc4 d6 6. Nf3 e6 7. O-O Nf6 8. Qe2 Be7 9. Rd1 e5 10. Bg5 Bg4 11. h3 Nd4 12. Qd3 Bxf3 13. gxf3 Nh5 14. Bxe7 Qxe7 15. Bb5+ Kf8 16. Nd5 Qh4 17. Kg2 Ne6 18. Qf1 Nhf4+ 19. Kh2 Ng5 20. Nxf4 Qxf4+ 21. Kh1 Ke7 22. Be2 Rac8 23. Qg2 h5 24. Rg1 Ne6 25. Bd1 Rh6 26. Qh2 Qf6 27. Rg3 Rg6 28. Bb3 Rxg3 29. Qxg3 Nd4 30. Bd1 b6 31. h4 a5 32. Qg5 Qxg5 33. hxg5 Ne6 34. Kg2 Nxg5 35. Ba4 Ne6 36. Rh1 Nf4+ 37. Kg3 Rc5 38. Bb3 b5 39. Rd1 a4 40. Bd5 g5 41. Kh2 Rc2 42. a3 Rxf2+ 43. Kg3 Rg2# 0-1

[Event "January 9 Early 2024"]
[Site "https://www.chess.com"]
[Date "2024.01.11"]
[Round "6"]
[White "Albuquerque Junior,Wellington S."]
[Black "Franchini, Gabriele"]
[Result "1-0"]
[Board "165"]
[TimeControl "180+1"]
[WhiteFideId "2151480"]
[BlackFideId "806790"]
[WhiteElo "2387"]
[BlackElo "2225"]
[WhiteTeam "BRA"]
[BlackTeam "ITA"]
[WhiteClock "0:00:14"]
[BlackClock "0:00:06"]

1. c4 e6 2. g3 d5 3. Bg2 dxc4 4. Nf3 Nd7 5. Na3 Bxa3 6. bxa3 Nb6 7. Bb2 Nf6 8. Qc2 Qd7 9. O-O Qa4 10. Qb1 O-O 11. Ng5 h6 12. Bxf6 hxg5 13. Bxg5 Qxa3 14. Qe4 Qc5 15. Be3 Qf5 16. Qxf5 exf5 17. Rfc1 Be6 18. Bxb7 Rab8 19. Ba6 Rfd8 20. Rab1 f6 21. h4 Kh7 22. Rb4 Kg6 23. a4 Nd5 24. Rxb8 Rxb8 25. Bxc4 c6 26. a5 Rb2 27. Bxa7 Rxd2 28. a6 Bf7 29. Bc5 Nc7 30. Bxf7+ Kxf7 31. a7 Ra2 32. Rd1 Ke8 33. Rd6 Nb5 34. Rxc6 Nxa7 35. Rc7 Nb5 36. Re7+ Kd8 37. Rxg7 Rxe2 38. h5 Nc3 39. h6 Ne4 40. h7 1-0

[Event "January 9 Early 2024"]
[Site "https://www.chess.com"]
[Date "2024.01.11"]
[Round "6"]
[White "Kovalev, Vladislav"]
[Black "Timerkhanov, Alexander"]
[Result "1-0"]
[Board "166"]
[TimeControl "180+1"]
[WhiteFideId "13504398"]
[BlackFideId "24177938"]
[WhiteElo "2912"]
[BlackElo "2666"]
[WhiteTeam "FID"]
[BlackTeam "RUS"]
[WhiteClock "0:00:17"]
[BlackClock "0:00:12"]

1. e4 c6 2. Nf3 d5 3. d3 g6 4. e5 Bg7 5. h3 c5 6. Bf4 Nc6 7. Nbd2 e6 8. h4 h6 9. g3 Nge7 10. Bg2 b6 11. O-O Bb7 12. Re1 Nf5 13. c3 O-O 14. Nf1 d4 15. c4 f6 16. exf6 Qxf6 17. N1h2 Rae8 18. Ng4 Qd8 19. Qd2 h5 20. Nge5 Nxe5 21. Nxe5 Bxg2 22. Kxg2 Qa8+ 23. Kg1 Bxe5 24. Bxe5 Qf3 25. Qe2 Qxe2 26. Rxe2 Kf7 27. a3 Rg8 28. Bf4 Ne7 29. b4 Nc6 30. bxc5 bxc5 31. Bd6 Rd8 32. Bxc5 Rb8 33. Rae1 e5 34. f4 exf4 35. Rf1 Rb3 36. Rxf4+ Kg7 37. Re6 Rc8 38. Rff6 Nd8 39. Rxg6+ Kf7 40. Rgf6+ Kg7 41. Bf8+ Kg8 42. Re8 Rbb8 43. Bh6+ Kh7 44. Re7+ 1-0

[Event "January 9 Early 2024"]
[Site "https://www.chess.com"]
[Date "2024.01.11"]
[Round "6"]
[White "Lima, Artur Tin Lun Dai"]
[Black "Avramidou, Anastasia"]
[Result "0-1"]
[Board "167"]
[TimeControl "180+1"]
[WhiteFideId "22773150"]
[BlackFideId "4239873"]
[WhiteElo "2366"]
[BlackElo "2523"]
[WhiteTeam "BRA"]
[BlackTeam "GRE"]
[WhiteClock "0:00:18"]
[BlackClock "0:00:19"]

1. Nf3 Nf6 2. c4 g6 3. b3 Bg7 4. Bb2 O-O 5. g3 d6 6. Bg2 c5 7. O-O Nc6 8. d4 Ne4 9. e3 Bd7 10. Nbd2 Nxd2 11. Qxd2 Bg4 12. Rfd1 Qa5 13. Bc3 Qc7 14. h3 Bf5 15. Nh4 cxd4 16. exd4 Bd7 17. Re1 Rfe8 18. Re2 Rad8 19. Rae1 e5 20. dxe5 dxe5 21. Qb2 Nd4 22. Rd2 Qc8 23. Kh2 Bf6 24. Nf3 Nxf3+ 25. Bxf3 Bxh3 26. Rxd8 Rxd8 27. Bxe5 Bxe5 28. Qxe5 Be6 29. Re2 b6 30. Qf6 Re8 31. Qg5 Qd8 32. Qf4 Kg7 33. Qe5+ Qf6 34. Qe3 Rd8 35. Kg2 h5 36. Qe4 Rh8 37. Qe5 h4 38. Qxf6+ Kxf6 39. gxh4 Rxh4 40. Rc2 Rd4 41. c5 Rd7 0-1

[Event "January 9 Early 2024"]
[Site "https://www.chess.com"]
[Date "2024.01.11"]
[Round "6"]
[White "Suyarov, Mukhammadzokhid"]
[Black "Belov, Alexei"]
[Result "0-1"]
[Board "168"]
[TimeControl "180+1"]
[WhiteFideId "14210495"]
[BlackFideId "4128206"]
[WhiteElo "2746"]
[BlackElo "2562"]
[WhiteTeam "UZB"]
[BlackTeam "RUS"]
[WhiteClock "0:00:01"]
[BlackClock "0:00:10"]

1. e4 e6 2. d4 d5 3. Nc3 Nf6 4. e5 Ne4 5. Nxe4 dxe4 6. Be3 c5 7. dxc5 Nd7 8. c3 Qc7 9. b4 b6 10. cxb6 Qxc3+ 11. Bd2 Qxe5 12. bxa7 Rxa7 13. Ne2 Ba6 14. Rc1 Be7 15. Bc3 Qg5 16. Bd2 Qe5 17. Bc3 Qg5 18. Nd4 Bxf1 19. Kxf1 Rxa2 20. h4 Qf4 21. Ne2 Qg4 22. Rh3 Bxh4 23. Be1 O-O 24. Rxh4 Qxh4 25. Qxd7 e3 26. Ng3 exf2 27. Bxf2 Rxf2+ 28. Kxf2 Qf4+ 29. Ke2 Qxc1 30. Qd4 Rc8 31. Ne4 h6 32. Kf3 Qc4 33. Qe3 Qd5 34. Qe2 Rc4 35. Kf4 f5 0-1

[Event "January 9 Early 2024"]
[Site "https://www.chess.com"]
[Date "2024.01.11"]
[Round "6"]
[White "Berezin, Viktor"]
[Black "Halkias, Stelios"]
[Result "1-0"]
[Board "169"]
[TimeControl "180+1"]
[WhiteFideId "14107872"]
[BlackFideId "4201809"]
[WhiteElo "2520"]
[BlackElo "2715"]
[WhiteTeam "UKR"]
[BlackTeam "GRE"]
[WhiteClock "0:00:09"]
[BlackClock "0:00:05"]

1. d4 Nf6 2. Nf3 d5 3. c4 e6 4. g3 Be7 5. Bg2 O-O 6. O-O c6 7. Qc2 b6 8. Nbd2 c5 9. cxd5 exd5 10. Ne5 Bb7 11. Ndf3 Nbd7 12. dxc5 bxc5 13. Bf4 Qb6 14. Rfd1 Rfd8 15. Nxd7 Nxd7 16. Rac1 Nf8 17. Ne5 Ne6 18. Qf5 Bf6 19. Ng4 Bxb2 20. Rb1 Nd4 21. Rxd4 cxd4 22. Be5 Re8 23. Nf6+ gxf6 24. Bxf6 Qxf6 25. Qxf6 Re6 26. Qg5+ Rg6 27. Qf4 Bc3 28. Rxb7 Rf8 29. Bxd5 d3 30. Bxf7+ Kh8 31. exd3 Rg7 32. Qc4 Bf6 33. Bd5 Rg6 34. Be4 Rh6 35. Rf7 Rd8 36. Qe6 Bg7 37. Qg4 Rg8 38. Qf5 Rb6 39. h4 Rh6 40. Kg2 Bd4 41. Rxh7+ 1-0

[Event "January 9 Early 2024"]
[Site "https://www.chess.com"]
[Date "2024.01.11"]
[Round "6"]
[White "Sanhueza, Cristian"]
[Black "Galchenko, Matvey"]
[Result "0-1"]
[Board "170"]
[TimeControl "180+1"]
[WhiteFideId "116815"]
[BlackFideId "24175480"]
[WhiteElo "2629"]
[BlackElo "2908"]
[WhiteTeam "ARG"]
[BlackTeam "FID"]
[WhiteClock "0:00:20"]
[BlackClock "0:00:04"]

1. e4 e6 2. d4 d5 3. Nd2 a6 4. Ngf3 Nf6 5. Bd3 c5 6. exd5 exd5 7. O-O c4 8. Re1+ Be7 9. Bf1 O-O 10. b3 b5 11. bxc4 bxc4 12. Rb1 Nc6 13. c3 Bf5 14. Rb7 Bd6 15. Ne5 Na5 16. Rb2 Ba3 17. Rb8 Rxb8 18. Bxa3 Re8 19. Qa4 Qc7 20. Ndf3 Ne4 21. Bb4 Nb7 22. Nc6 Rbc8 23. Na5 Nxa5 24. Bxa5 Qd7 25. Qa3 f6 26. Nh4 Be6 27. f3 Nd6 28. g3 Nb5 29. Qc1 g5 30. Ng2 Bh3 31. Ne3 Bxf1 32. Kxf1 Re6 33. g4 Rce8 34. Nf5 Rxe1+ 35. Qxe1 Rxe1+ 36. Kxe1 h5 37. h3 h4 38. Kd2 Qb7 39. Bb4 Qb8 40. Ne7+ Kf7 41. Nxd5 Qh2+ 42. Ke3 Qxh3 43. Nb6 Qf1 44. Nxc4 Qxc4 0-1

[Event "January 9 Early 2024"]
[Site "https://www.chess.com"]
[Date "2024.01.11"]
[Round "6"]
[White "Bodnaruk, Anastasia"]
[Black "Boruchovsky, Avital"]
[Result "0-1"]
[Board "171"]
[TimeControl "180+1"]
[WhiteFideId "4181751"]
[BlackFideId "2800055"]
[WhiteElo "2553"]
[BlackElo "2775"]
[WhiteTeam "RUS"]
[BlackTeam "ISR"]
[WhiteClock "0:00:01"]
[BlackClock "0:00:20"]

1. e4 e6 2. d4 d5 3. e5 c5 4. c3 Bd7 5. Nf3 Nc6 6. Be2 cxd4 7. cxd4 Nge7 8. Na3 a6 9. Nc2 h5 10. O-O Nf5 11. Bd3 Be7 12. Rb1 g5 13. Bxf5 exf5 14. Nfe1 f4 15. Nd3 h4 16. Nc5 b6 17. Nb7 Qc7 18. Nd6+ Bxd6 19. exd6 Qxd6 20. Re1+ Kf8 21. b3 b5 22. h3 Kg7 23. Qd3 Rhe8 24. Bd2 Qg6 25. Qxg6+ Kxg6 26. Nb4 Nxb4 27. Bxb4 Rxe1+ 28. Rxe1 Rc8 29. Bc5 g4 30. hxg4 Bxg4 31. f3 Be6 32. Kf2 Rh8 33. Rh1 f6 34. Bd6 Kg5 35. Bc5 Bf5 36. Bd6 a5 37. Bc5 b4 38. Bd6 Ra8 39. Rc1 a4 40. Bxb4 axb3 41. axb3 Ra2+ 42. Kg1 h3 43. gxh3 Bxh3 44. Be7 Kh4 45. Kh1 Kg3 0-1

[Event "January 9 Early 2024"]
[Site "https://www.chess.com"]
[Date "2024.01.11"]
[Round "6"]
[White "Santiago, Yago De Moura"]
[Black "Isajevsky, Anton"]
[Result "0-1"]
[Board "172"]
[TimeControl "180+1"]
[WhiteFideId "2103877"]
[BlackFideId "4142500"]
[WhiteElo "2790"]
[BlackElo "2648"]
[WhiteTeam "BRA"]
[BlackTeam "RUS"]
[WhiteClock "0:00:05"]
[BlackClock "0:00:02"]

1. d4 d5 2. c4 e6 3. Nf3 Nf6 4. Nc3 Be7 5. g3 O-O 6. Bg2 dxc4 7. O-O Nc6 8. e4 Rb8 9. h4 b5 10. e5 Nd5 11. Nxd5 exd5 12. Ng5 Be6 13. Qh5 Bxg5 14. Bxg5 Qd7 15. Be3 Ne7 16. Qe2 Nf5 17. Kh2 Rbe8 18. h5 f6 19. f4 Nh6 20. Bf3 Bg4 21. Kg1 c6 22. Rae1 Qf5 23. Bd2 Re6 24. a4 a6 25. axb5 axb5 26. Ra1 Qxh5 27. Bb4 Rfe8 28. Ra7 Bxf3 29. Rxf3 fxe5 30. fxe5 Ng4 31. Rf4 Rh6 32. Qxg4 Qh1+ 33. Kf2 Rh2+ 34. Ke3 Qc1+ 35. Kf3 Qd1+ 36. Ke3 Qc1+ 37. Kf3 Qd1+ 38. Ke3 Qd3# 0-1

[Event "January 9 Early 2024"]
[Site "https://www.chess.com"]
[Date "2024.01.11"]
[Round "6"]
[White "Bournel, Antoine"]
[Black "Nord, Alexander"]
[Result "1-0"]
[Board "173"]
[TimeControl "180+1"]
[WhiteFideId "26093553"]
[BlackFideId "1738135"]
[WhiteElo "2545"]
[BlackElo "2337"]
[WhiteTeam "FRA"]
[BlackTeam "SWE"]
[WhiteClock "0:00:07"]
[BlackClock "0:00:03"]

1. d4 Nf6 2. c4 e6 3. Nf3 b6 4. a3 Bb7 5. Nc3 Be7 6. d5 exd5 7. cxd5 O-O 8. e4 d6 9. Bd3 Re8 10. O-O Nfd7 11. Nd4 Ne5 12. Bb5 c6 13. dxc6 Nbxc6 14. Nf5 Bf8 15. Nd5 a6 16. Ba4 b5 17. Bb3 Na5 18. Bd2 Nxb3 19. Qxb3 Nc4 20. Bc3 Rxe4 21. Nh6+ gxh6 22. Nf6+ Qxf6 23. Bxf6 Rg4 24. f3 Rg6 25. Bc3 d5 26. Kh1 Ne3 27. Rf2 Bc5 28. Bb4 Bb6 29. Qd3 Re8 30. Re1 a5 31. Bd2 d4 32. Qxb5 Rge6 33. Kg1 h5 34. Bxa5 Bxa5 35. Qxa5 h4 36. Qg5+ Kh8 37. Qxh4 Bc6 38. Qxd4+ Kg8 39. Rfe2 Nf5 40. Qg4+ 1-0

[Event "January 9 Early 2024"]
[Site "https://www.chess.com"]
[Date "2024.01.11"]
[Round "6"]
[White "Guzman Lozano, Campo Elias"]
[Black "Cupid, Kevin"]
[Result "0-1"]
[Board "174"]
[TimeControl "180+1"]
[WhiteFideId "4403746"]
[BlackFideId "7700512"]
[WhiteElo "2164"]
[BlackElo "2328"]
[WhiteTeam "COL"]
[BlackTeam "TTO"]
[WhiteClock "0:00:01"]
[BlackClock "0:00:16"]

1. Nc3 Nf6 2. e4 d6 3. d4 g6 4. f3 Bg7 5. Be3 e5 6. Nge2 Nc6 7. d5 Na5 8. b3 a6 9. Qd2 b5 10. a4 Bd7 11. g4 h5 12. g5 Ng8 13. h4 Ne7 14. Nc1 Qb8 15. Kf2 O-O 16. Kg2 bxa4 17. Nxa4 Nb7 18. Nb2 c6 19. c4 a5 20. Bb6 Nc8 21. Bxa5 Nxa5 22. Rxa5 Nb6 23. dxc6 Bxc6 24. Rxa8 Nxa8 25. b4 Rd8 26. Nb3 Nb6 27. Na5 Ba8 28. b5 Nd7 29. Qb4 Nc5 30. Nb3 Ne6 31. Kg3 Qb6 32. Qd2 f6 33. Bh3 Nf4 34. gxf6 Bxf6 35. Ra1 Bb7 36. Na4 Qc7 37. c5 Qe7 38. c6 Bxh4+ 39. Kh2 Bc8 40. b6 Bxh3 41. c7 Rc8 42. b7 Qxc7 43. bxc8=Q+ Bxc8 44. Qc3 Qd7 45. Rc1 Qh3+ 46. Kg1 Qg2# 0-1

[Event "January 9 Early 2024"]
[Site "https://www.chess.com"]
[Date "2024.01.11"]
[Round "6"]
[White "Md, Sariatullah"]
[Black "Valle Luis, Leo"]
[Result "1/2-1/2"]
[Board "175"]
[TimeControl "180+1"]
[WhiteFideId "10207333"]
[BlackFideId "54577187"]
[WhiteElo "2233"]
[BlackElo "2497"]
[WhiteTeam "BAN"]
[BlackTeam "ESP"]
[WhiteClock "0:00:13"]
[BlackClock "0:00:09"]

1. e4 c6 2. d4 d5 3. e5 Bf5 4. Ne2 e6 5. Ng3 Bg6 6. h4 h5 7. Bd3 Bxd3 8. cxd3 g6 9. Nd2 Nd7 10. Nf3 Bh6 11. Ng5 Qb6 12. Be3 Bxg5 13. hxg5 Ne7 14. Qc2 Nf5 15. Nxf5 exf5 16. a3 Nf8 17. b4 Ne6 18. g3 Kd7 19. Qc3 a5 20. bxa5 Qxa5 21. Kd2 c5 22. Qxa5 Rxa5 23. Rhb1 cxd4 24. Bf4 b5 25. Rb3 Rha8 26. Rab1 Kc6 27. Ke2 h4 28. Bd2 Rxa3 29. Rxb5 hxg3 30. Rb6+ Kd7 31. Rd6+ Ke8 32. fxg3 Rd8 33. Rb7 Ra2 34. Ke1 Ra3 35. Bb4 Rxd3 36. Rxe6+ fxe6 37. Re7+ Kf8 38. Rd7+ Ke8 39. Re7+ Kf8 40. Rd7+ Ke8 41. Re7+ 1/2-1/2